 Dungeon Crawl Stone Soup version 0.29.0-7-g18a832c13a (webtiles) character file.

Game seed: 12327290879395907677

76 SensoryNuts the Chopper (level 4, -4/35 HPs)
             Began as a Demonspawn Fighter on Sept 1, 2022.
             Slain by an iron imp (7 damage)
             ... summoned by Natasha
             ... on level 2 of the Dungeon.
             The game lasted 00:01:04 (1539 turns).

SensoryNuts the Chopper (Demonspawn Fighter)        Turns: 1539, Time: 00:01:05

Health: -4/35      AC:  6    Str: 18    XL:     4   Next: 12%
Magic:  4/4        EV:  9    Int: 10    God:
Gold:   26         SH:  4    Dex: 12    Spells: 3/3 levels left

rFire   . . .      SeeInvis .   a - +0 war axe
rCold   . . .      Faith    .   c - +0 buckler
rNeg    . . .      Spirit   .   b - +0 scale mail
rPois   .          Reflect  .   (no helmet)
rElec   .          Harm     .   (no cloak)
rCorr   .          Rampage  .   (no gloves)
Will    .....                   (no boots)
Stlth   ..........              (no amulet)
HPRegen 0.11/turn               (no ring)
MPRegen 0.09/turn               (no ring)

@: mighty
A: hooves 2
a: no special abilities


You were on level 2 of the Dungeon.
You visited 1 branch of the dungeon, and saw 2 of its levels.

You collected 26 gold pieces.

Inventory:

Hand Weapons
 a - a +0 war axe (weapon)
Armour
 b - a +0 scale mail (worn)
 c - a +0 buckler (worn)
Scrolls
 f - a scroll of fog {unknown}
 g - 3 scrolls of identify {unknown}
 h - a scroll of enchant armour {unknown}
 k - a scroll of blinking {unknown}
Potions
 e - a potion of curing {unknown}
 i - 2 potions of ambrosia {unknown}
 j - a potion of mutation {unknown}


   Skills:
 + Level 3.2 Fighting
 * Level 3.3 Axes
 + Level 3.1 Armour
 + Level 0.1 Dodging
 + Level 2.8 Shields


You had 3 spell levels left.
You didn't know any spells.
Your spell library contained the following spells:

 Spells                   Type           Power      Damage    Failure   Level
 Conjure Ball Lightning   Conj/Air       0%         3x3d6     100%        6
 Discord                  Hex            0%         N/A       100%        8
 Disjunction              Tloc           0%         N/A       100%        8


Dungeon Overview and Level Annotations

Branches:
Dungeon (2/15)

Altars:

Annotations:
D:2 Natasha


Innate Abilities, Weirdness & Mutations

You have hoof-like feet.


Message History

The crimson imp closely misses you.
The crimson imp shouts, "Scamper home, thou baffled ill-nurtured skainsmate!"
The iron imp hits you but does no damage.
Natasha claws you!
Unknown command.
You are too injured to fight recklessly!
Unknown command.
You are too injured to fight recklessly!
Unknown command.
You are too injured to fight recklessly!
Unknown command.
You are too injured to fight recklessly!
You are too injured to fight recklessly!
You slash Natasha! You kick Natasha.
Natasha is almost dead.
You barely miss the crimson imp. x2; You hit the iron imp but do no damage.
The crimson imp barely misses you. x2
The iron imp hits you but does no damage.
Natasha misses you.
The crimson imp hits you but does no damage.
The crimson imp hits you.
You feel very mighty all of a sudden. The iron imp hits you.
* * * LOW HITPOINT WARNING * * *
You block Natasha's attack. The crimson imp barely misses you.
The crimson imp blinks!
You barely miss Natasha.
Natasha is almost dead.
You hit the iron imp but do no damage. You barely miss the crimson imp.
Natasha claws you but does no damage. The crimson imp completely misses you.
The iron imp hits you.
* * * LOW HITPOINT WARNING * * *
The crimson imp shouts, "Repent, thou paunchy ill-nurtured reprobate!"
You closely miss Natasha.
Natasha is almost dead.
You miss the crimson imp. You barely miss the iron imp.
You slash the crimson imp! Natasha claws you but does no damage.
The crimson imp closely misses you.
The crimson imp blinks!
The iron imp hits you!
You die...

. #. ##.## .##### #...# #########
..#.. #...# #.......# #.#.# #...#
#.......# ##...######...#####
#.......#####...h.#...........###
#...........#.#5@5...............
#.......###.#.#ยง..#...........###
#.......# #.#.....#####...#####
#.......# #.#...#.## #...### ###
.##########..5.###.# #.....# #..
.# ##.###...#.## #...#.# #.#
.#######...###.#.## #...#(# #.#
............##.##### #.#.#.# #.#
.#####.............####.#.#.# #.#


You could see an iron imp (summoned), Natasha and 2 crimson imps.

Vanquished Creatures
  Natasha (D:2)
  An adder (D:2)
  2 dart slugs
  6 ball pythons
  3 endoplasms
  A goblin (D:1)
  3 hobgoblins (D:1)
  7 jackals (D:1)
  A kobold (D:1)
  A quokka (D:1)
  2 bats (D:1)
  3 frilled lizards
  4 rats
35 creatures vanquished.

Vanquished Creatures (others)
  2 plants (D:1)
2 creatures vanquished.

Grand Total: 37 creatures vanquished

Notes
Turn   | Place    | Note
-------+----------+-------------------------------------------
     0 | D:1      | SensoryNuts the Demonspawn Fighter began the quest for the
                  | Orb.
     0 | D:1      | Reached XP level 1. HP: 18/18 MP: 1/1
   207 | D:1      | Gained mutation: You have large cloven feet. [demonic
                  | ancestry]
   207 | D:1      | Reached XP level 2. HP: 24/24 MP: 2/2
   774 | D:1      | Reached XP level 3. HP: 28/29 MP: 3/3
  1237 | D:2      | Noticed Natasha
  1239 | D:2      | Killed Natasha
  1348 | D:2      | Gained mutation: You have hoof-like feet. [demonic
                  | ancestry]
  1348 | D:2      | Reached XP level 4. HP: 25/35 MP: 4/4
  1524 | D:2      | Noticed Natasha
  1539 | D:2      | Slain by an iron imp

Illustrated notes

Levels and vault maps discovered:
D:1:      saegor_arrival_under_anarchy, layout_loops_cross, serial_bayou,
          serial_bayou_crossing, serial_bayou_lagoon_a, serial_bayou_shore_b,
          serial_bayou_pond_d, serial_bayou_shore_b, serial_bayou_pond_a,
          roderic_lattice_a
D:2:      layout_loops_cross, uniq_terence, uniq_natasha

Skill      XL: |  1  2  3 |
---------------+----------+-----
Axes           | 2 3 |  3.3
Armour         | 3 |  3.1
Fighting       | |  3.2
Dodging        | |  0.1
Shields        | |  2.8

Action                   |  1- 3 |  4- 6 || total
-------------------------+-------+-------++-------
Melee: War axe           |    72 |    13 ||    85
       Kick              |    15 |     4 ||    19
  Use: Potion            |       |     1 ||     1
Armor: Scale mail        |    46 |    10 ||    56
Dodge: Dodged            |    36 |    15 ||    51
Block: Buckler           |    24 |     9 ||    33
